 Dungeon Crawl Stone Soup version 0.29-a0-1052-g6990b1bffc (webtiles) character file.

Game seed: 10366226393002618006

9904 Zeldest the Orthodox (level 12, -3/100 HPs)
             Began as a Meteoran Wanderer on Aug 18, 2022.
             Was an Elder of Zin.
             Slain by a cane toad (6 damage)
             ... while petrified by a basilisk
             ... on level 1 of the Lair of Beasts.
             The game lasted 00:44:40 (3455 turns).

Zeldest the Orthodox (Meteoran Wanderer)            Turns: 3455, Time: 00:44:40

Health: -3/100     AC: 10    Str: 11    XL:     12   Next: 12%
Magic:  22/22      EV:  2    Int: 20    God:    Zin [****..]
Gold:   301        SH:  0    Dex: 16    Spells: 11/21 levels left

rFire   . . .      SeeInvis +   f - +2 dagger (spect)
rCold   . . .      Faith    .   (no shield)
rNeg    + + +      Spirit   .   F - +0 acid dragon scales
rPois   ∞          Reflect  .   G - +2 hat
rElec   .          Harm     .   a - +0 cloak {Will+}
rCorr   +          Rampage  .   b - +0 pair of gloves
Will    ++...                   (no boots)
Stlth   +.........              k - amulet of magic regeneration
HPRegen 0.26/turn               l - ring of positive energy
MPRegen 0.58/turn               C - ring of see invisible

@: lethally poisoned (-3 -> -3), petrified, glowing
A: sense surroundings 2, otherworldly, glowing, explore regen
a: Renounce Religion, Recite, Vitalisation, Imprison, Donate Gold


You were on level 1 of the Lair of Beasts.
You worshipped Zin.
Zin was greatly pleased with you.
You visited 2 branches of the dungeon, and saw 11 of its levels.
You also visited: Sewer.

You collected 402 gold pieces.
You donated 101 gold pieces to Zin.

Inventory:

Hand Weapons
 f - a +2 spectral dagger (weapon)
 i - a +2 dagger of venom
Missiles
 j - 4 curare-tipped darts (quivered)
Armour
 a - a +0 cloak of willpower (worn)
 b - a +0 pair of gloves (worn)
 g - a +0 kite shield
 v - +0 steam dragon scales
 F - +0 acid dragon scales (worn)
 G - a +2 hat (worn)
Jewellery
 k - an amulet of magic regeneration (around neck)
 l - a ring of positive energy (left hand)
 C - a ring of see invisible (right hand)
Wands
 n - a wand of mindburst (8)
 A - a wand of flame (22)
Scrolls
 o - 2 scrolls of immolation
 p - a scroll of enchant armour
 q - a scroll of brand weapon
 s - 3 scrolls of noise
 z - a scroll of amnesia {unknown}
 B - a scroll of magic mapping {unknown}
Potions
 e - a potion of brilliance
 h - 3 potions of heal wounds
 m - 2 potions of curing
 r - 4 potions of flight
 t - 3 potions of mutation
 w - 2 potions of might
 x - 4 potions of cancellation


   Skills:
 - Level 7.4 Fighting
 - Level 3.0 Short Blades
 - Level 2.4 Throwing
 + Level 3.8 Shields
 - Level 5.0 Spellcasting
 + Level 10.0 Conjurations
 - Level 5.0 Summonings
 + Level 10.4 Air Magic
 + Level 12.6 Invocations


You had 11 spell levels left.
You knew the following spells:

 Your Spells              Type           Power      Damage    Failure   Level
a - Magic Dart            Conj           100%       1d8       1%          1
b - Shock                 Conj/Air       100%       1d9       1%          1
c - Airstrike             Air            23%        2d(4-20)  2%          4
d - Summon Lightning Spi  Summ/Air       35%        N/A       8%          4

Your spell library contained the following spells:

 Spells                   Type           Power      Damage    Failure   Level
 Searing Ray              Conj           90%        2d7       1%          2
 Foxfire                  Conj/Fire      100%       2x1d9     2%          1
 Dazzling Flash           Conj/Hex       50%        N/A       7%          3
 Fulminant Prism          Conj/Hex       12%        3d9       22%         4


Dungeon Overview and Level Annotations

Branches:
Dungeon (10/15) Zot: 2965    Lair (1/5) D:8 Zot: 354     Orc (0/2) D:9
  Sewer (visited)
 Temple: D:4-7

Altars:
Ashenzari
Dithmenos
Gozag
Okawaru
Qazlal
Trog
Zin

Shops:
D:9 (


Innate Abilities, Weirdness & Mutations

You passively map the area around you.
You are easily found by Zot.
You glow in the dark.
You regain HP and MP as you explore.


Message History

You hit the cane toad but do no damage.
The cane toad is almost dead.
Your +2 spectral dagger completely misses the cane toad.
The basilisk gazes at you.
You are slowing down.
The cane toad stings you!!
You barely miss the cane toad.
The cane toad is almost dead.
Your +2 spectral dagger hits the cane toad.
The cane toad stings your +2 spectral dagger but does no damage.
Your limbs are stiffening.
You hit the cane toad but do no damage.
The cane toad is almost dead.
Your +2 spectral dagger hits the cane toad but does no damage.
You feel your willpower return.
Your lightning spire disappears in a puff of smoke!
The cane toad barely misses you. The cane toad stings you!
You are poisoned.
The cane toad poisons you!
You have turned to stone.
The cane toad stings you. The cane toad stings you!!
* * * LOW HITPOINT WARNING * * *
The basilisk completely misses you.
The cane toad stings you but does no damage.
The basilisk bites you but does no damage.
The cane toad stings you.
* * * LOW HITPOINT WARNING * * *
The basilisk bites you.
* * * LOW HITPOINT WARNING * * *
The cane toad stings you. The cane toad stings you!!
* * * LOW HITPOINT WARNING * * *
The basilisk gazes at you. You resist with almost no effort.
The cane toad stings you!
* * * LOW HITPOINT WARNING * * *
The basilisk bites you!
* * * LOW HITPOINT WARNING * * *
The cane toad stings you!
You die...

, #.~≈≈..~~≈~.. ***
##.~≈~~~≈≈~~~. ,,
#..~≈~≈≈~~~~.. ,, *#####
###.#~~~~≈~~~... ,,
.#.#..###.#..#.~........
, ,
,........................
,, ,
........................
* * ,,
.......F................
,
,......l@................
,
......†.................
, ,
,........................
,* * ,
........................
*
##.######P###.##########
# * ### ###


You could see a cane toad and a basilisk.

Vanquished Creatures
  Gastronok (D:9)
  2 elephants (Lair:1)
  Maurice (D:8)
  Maggie (D:6)
  2 komodo dragons
  A troll (D:8)
  Prince Ribbit (D:5)
  A wyvern (D:9)
  A wraith (D:8)
  A basilisk (Lair:1)
  8 yaks (D:9)
  Edmund (D:5)
  2 water moccasins
  An acid dragon (D:9)
  Duvessa (D:7)
  6 orc warriors
  5 wolves (D:8)
  An ogre (D:7)
  3 centaurs
  A kobold brigand (D:7)
  2 bullfrogs
  A necrophage (D:6)
  A wight (D:6)
  Dowan (D:7)
  6 killer bees (D:9)
  4 howler monkeys
  3 electric eels (D:8)
  2 hounds
  4 jellies
  2 orc priests
  An iguana (D:6)
  8 orc wizards
  2 river rats (Sewer)
  11 adders
  A shadow imp (D:5)
  A white imp (D:5)
  An ufetubus (D:5)
  2 dart slugs
  35 orcs
  10 ball pythons
  6 endoplasms
  2 giant cockroaches
  6 goblins
  7 hobgoblins
  2 quokkas (D:1)
  3 bats
  6 frilled lizards
  8 kobolds
  9 rats
188 creatures vanquished.

Vanquished Creatures (collateral kills)
  An elephant (Lair:1)
  A polar bear (Lair:1)
  A blink frog (Lair:1)
  A wyvern (Lair:1)
  2 water moccasins (Lair:1)
  An orc warrior (D:9)
  A black bear (Lair:1)
  2 wolves (D:8)
  A centaur (D:9)
  3 killer bees (D:9)
  2 orcs
16 creatures vanquished.

Vanquished Creatures (others)
  A demonic plant (D:5)
  3 fungi (Lair:1)
  A plant (Lair:1)
5 creatures vanquished.

Grand Total: 209 creatures vanquished

Notes
Turn   | Place    | Note
-------+----------+-------------------------------------------
     0 | D:1      | Zeldest the Meteoran Wanderer began the quest for the Orb.
     0 | D:1      | Zeldest set off with the following items: a +0 dagger, 10
                  | poisoned darts, a scroll of blinking, a +0 robe; and the
                  | following spells available to memorise: Shock, Foxfire,
                  | Airstrike, Dazzling Flash, Summon Lightning Spire.
     0 | D:1      | Reached XP level 1. HP: 14/14 MP: 3/3
     2 | D:1      | Learned a level 1 spell: Shock
    51 | D:1      | Reached XP level 2. HP: 6/22 MP: 0/5
    86 | D:1      | Reached skill level 5 in Air Magic
   135 | D:1      | Reached skill level 1 in Fighting
   142 | D:1      | Reached XP level 3. HP: 28/28 MP: 2/6
   212 | D:2      | Found a faded altar of an unknown god.
   220 | D:2      | Prayed at the altar of an unknown god.
   220 | D:2      | Became a worshipper of Zin the Law-Giver
   220 | D:2      | Reached * piety under Zin
   351 | D:2      | Reached XP level 4. HP: 20/35 MP: 4/8
   415 | D:2      | Learned a level 1 spell: Magic Dart
   478 | D:3      | Found a stormy altar of Qazlal.
   523 | D:3      | Reached skill level 1 in Invocations
   603 | D:3      | Reached XP level 5. HP: 41/41 MP: 7/9
   713 | D:4      | Reached ** piety under Zin
   785 | D:4      | Reached skill level 2 in Invocations
   826 | D:4      | Found an opulent altar of Gozag.
   853 | D:4      | Found a shadowy altar of Dithmenos.
   908 | D:4      | Donated 61 gold pieces to Zin
   923 | D:4      | Found a broken altar of Ashenzari.
   932 | D:5      | Entered Level 5 of the Dungeon
   949 | D:5      | Found a glowing drain.
   955 | D:5      | Reached XP level 6. HP: 45/48 MP: 11/11
   955 | D:5      | Noticed Edmund
   972 | D:5      | Killed Edmund
   973 | D:5      | Reached skill level 3 in Invocations
  1000 | D:5      | Reached skill level 4 in Invocations
  1009 | D:5      | Reached XP level 7. HP: 18/56 MP: 10/12
  1028 | D:5      | Reached skill level 5 in Conjurations
  1130 | Sewer    | Entered a sewer
  1217 | Sewer    | Reached skill level 5 in Invocations
  1385 | D:5      | Found a bloodstained altar of Trog.
  1391 | D:5      | Noticed a water moccasin
  1403 | D:5      | Killed a water moccasin
  1404 | D:5      | Reached XP level 8. HP: 35/63 MP: 7/13
  1448 | D:5      | Noticed Prince Ribbit
  1455 | D:5      | Learned a level 4 spell: Airstrike
  1465 | D:5      | Killed Prince Ribbit
  1466 | D:5      | Reached skill level 6 in Invocations
  1524 | D:6      | Reached *** piety under Zin
  1525 | D:6      | Noticed Maggie
  1551 | D:6      | Killed Maggie
  1552 | D:6      | Reached skill level 7 in Invocations
  1552 | D:6      | Gained mutation: You passively map the area around you.
                  | [Meteoran growth]
  1552 | D:6      | Reached XP level 9. HP: 29/72 MP: 7/15
  1792 | D:7      | Noticed a komodo dragon
  1797 | D:7      | Killed a komodo dragon
  1798 | D:7      | Reached skill level 5 in Fighting
  1798 | D:7      | Reached skill level 8 in Invocations
  1903 | D:7      | Reached skill level 9 in Invocations
  1922 | D:7      | Found an iron altar of Okawaru.
  1975 | D:7      | Noticed Duvessa
  1975 | D:7      | Noticed Dowan
  1987 | D:7      | Killed Duvessa
  1994 | D:7      | Killed Dowan
  2103 | D:8      | Reached XP level 10. HP: 81/83 MP: 10/18
  2169 | D:8      | Reached skill level 10 in Invocations
  2201 | D:8      | Reached **** piety under Zin
  2226 | D:8      | Learned a level 4 spell: Summon Lightning Spire
  2439 | D:8      | Noticed Maurice
  2455 | D:8      | Killed Maurice
  2456 | D:8      | Reached skill level 1 in Short Blades
  2456 | D:8      | Reached skill level 1 in Summonings
  2536 | D:8      | Reached skill level 11 in Invocations
  2541 | D:8      | Found a staircase to the Lair.
  2704 | D:9      | Reached XP level 11. HP: 59/91 MP: 12/20
  2824 | D:9      | Found a staircase to the Orcish Mines.
  2907 | D:9      | Found Qech's Weapon Emporium.
  2950 | D:9      | Noticed Gastronok
  2983 | D:9      | Killed Gastronok
  2984 | D:9      | Reached skill level 1 in Shields
  2984 | D:9      | Reached skill level 12 in Invocations
  3014 | D:9      | Noticed a deep elf pyromancer
  3062 | D:10     | Entered Level 10 of the Dungeon
  3192 | Lair:1   | Entered Level 1 of the Lair of Beasts
  3195 | Lair:1   | Noticed an elephant
  3197 | Lair:1   | Noticed an elephant
  3199 | Lair:1   | Reached skill level 5 in Spellcasting
  3199 | Lair:1   | Reached skill level 10 in Air Magic
  3204 | Lair:1   | Killed an elephant
  3205 | Lair:1   | Reached skill level 5 in Summonings
  3206 | Lair:1   | Noticed an elephant
  3211 | Lair:1   | Killed an elephant
  3216 | Lair:1   | Killed an elephant
  3306 | Lair:1   | Noticed a seven-headed hydra
  3362 | Lair:1   | Reached XP level 12. HP: 100/100 MP: 14/22
  3397 | Lair:1   | Noticed a boulder beetle
  3435 | Lair:1   | Reached skill level 10 in Conjurations
  3454 | Lair:1   | HP: 3/100 [basilisk (7)]
  3455 | Lair:1   | Slain by a cane toad

Illustrated notes

Levels and vault maps discovered:
D:1:      amcnicky_arrival_double_pillar, layout_rooms, serial_shops,
          nicolae_shop_statue_plus, grunt_decor_mini_mirrors, grunt_decor_cap
D:2:      layout_basic, chequers_ecumenical_altar_simple_redux
D:3:      layout_rooms, mainiacjoe_overflow_six_doors_small
D:4:      minmay_chambers_of_threes, layout_loops_ring,
          mainiacjoe_overflow_tiny_flanked, fedhas_altar_fruit_tree,
          mainiacjoe_overflow_cross_hatched, nicolae_gozag_seed_capital,
          uniq_sigmund
D:5:      layout_gridville, nicolae_sif_muna_little_library,
          mainiacjoe_overflow_surrounded_room, serial_demonic, serial_demonic_g,
          serial_demonic_f, serial_demonic_d, serial_demonic_g,
          serial_demonic_g, serial_demonic_a, serial_demonic_d,
          serial_demonic_c, gup_sewer_entry_glass, guppyfry_early_lair_pool,
          uniq_prince_ribbit1, uniq_edmund
D:6:      layout_loops_ring, minmay_temple_entry_crystal_x,
          nicolae_zen_rock_garden, uniq_maggie
D:7:      layout_layer_cave, okawaru_gym_becter, uniq_joseph, uniq_duvessa
D:8:      layout_loops_cross, vehumet_altar_wand_db, erik_lair_island,
          special_room [special_room_orc], uniq_maurice
D:9:      layout_loops_cross, gammafunk_temple_overflow_wave, orc_david_3,
          minmay_misc_feat_tiny, uniq_gastronok
D:10:     layout_gridville, tgw_kikubaaqudgha, kennysheep_mini,
          kennysheep_small_circle
Lair:1:   minmay_guarded_unrand_snakebite, layout_big_grid, grunt_megastairs_2,
          infiniplex_staircase_pool_2, uniq_harold

Skill      XL: |  1  2  3  4  5  6  7  8  9 10 11 12 |
---------------+-------------------------------------+-----
Air Magic      | 5 6 7 8 9 10 | 10.4
Fighting       | 1 2 3 4 5 6 7 |  7.4
Spellcasting   | 2 3 5 |  5.0
Conjurations   | 4 5 6 7 8 9 10 | 10.0
Invocations    | 1 2 4 5 7 9 11 12 | 12.6
Short Blades   | 2 3 |  3.0
Summonings     | 3 5 |  5.0
Shields        | 3 |  3.8
Throwing       | |  2.4

Action                   |  1- 3 |  4- 6 |  7- 9 | 10-12 || total
-------------------------+-------+-------+-------+-------++-------
Melee: Dagger            |    16 |    36 |    84 |    87 ||   223
       Punch             |     1 |       |     2 |     2 ||     5
Throw: Dart              |       |       |     2 |     6 ||     8
 Cast: Shock             |    26 |    47 |   100 |    83 ||   256
       Magic Dart        |       |    11 |    11 |       ||    22
       Airstrike         |       |       |     4 |    21 ||    25
       Summon Lightning  |       |       |       |    21 ||    21
Invok: Donate Gold       |       |     1 |       |       ||     1
       Vitalisation      |       |       |     1 |     3 ||     4
       Recite            |       |       |     8 |     7 ||    15
       Imprison          |       |       |       |     1 ||     1
Evoke: Wand              |       |       |     8 |    10 ||    18
  Use: Potion            |       |       |     3 |     3 ||     6
       Scroll            |       |       |       |    17 ||    17
 Stab: Paralysed         |       |       |       |     4 ||     4
       Invisible         |       |       |       |     1 ||     1
       Distracted        |       |       |       |     1 ||     1
Armor: Robe              |     9 |     3 |    23 |       ||    35
       Steam dragon scal |       |       |    20 |    14 ||    34
       Acid dragon scale |       |       |       |    61 ||    61
Dodge: Dodged            |    15 |    22 |    69 |    82 ||   188

Table legend: (Time is in decaauts)
 A = Elapsed time spent in this place.
 B = Non-inter-level travel time spent in this place.
 C = Inter-level travel time spent in this place.
 D = Time resting spent in this place.
 E = Time spent auto-exploring this place.
 F = Levels seen in this place.
 G = Mean time per level.
                   A        B        C        D        E       F      G
               +--------+--------+--------+--------+--------+-----+--------+
         Total |   3465 |   3318 |    147 |      0 |      0 |  12 |  288.8 |
       Dungeon |   3034 |   2888 |    146 |      0 |      0 |  10 |  303.4 |
          Lair |    245 |    245 |      0 |      0 |      0 |   1 |  245.0 |
         Sewer |    186 |    186 |      0 |      0 |      0 |   1 |  186.0 |
               +--------+--------+--------+--------+--------+-----+--------+

Top non-repeatable levels by time:
     D:8: 507 daAuts
     D:9: 449 daAuts
     D:5: 408 daAuts
     D:7: 373 daAuts
     D:6: 305 daAuts
     D:2: 269 daAuts
  Lair:1: 245 daAuts
     D:3: 234 daAuts
     D:4: 227 daAuts
     D:1: 198 daAuts
   Sewer: 186 daAuts
    D:10: 58 daAuts
